 Dungeon Crawl Stone Soup version 0.29.0-15-g675c0067aa (webtiles) character file.

Game seed: 10950457508214739157

93249 keekatzer the Grappler (level 15, -6/146 HPs)
             Began as a Troll Transmuter on Sept 11, 2022.
             Was a Believer of Ru.
             Killed from afar by Azrael (33 damage)
             ... with damnation
             ... on level 1 of the Snake Pit.
             The game lasted 02:18:42 (17673 turns).

keekatzer the Grappler (Troll Transmuter)          Turns: 17673, Time: 02:18:42

Health: -6/146     AC: 11    Str: 24    XL:     15   Next: 60%
Magic:  21/21      EV: 12    Int:  9    God:    Ru [**....]
Gold:   1286       SH:  9    Dex: 14    Spells: 13/24 levels left

rFire   + . .      SeeInvis .     - Unarmed
rCold   . . .      Faith    .   X - +0 kite shield
rNeg    . . .      Spirit   .   D - +1 robe {rF+}
rPois   +          Reflect  .   (helmet currently unavailable)
rElec   .          Harm     .   q - +1 cloak
rCorr   .          Rampage  .   (gloves unavailable)
Will    .....                   (boots unavailable)
Stlth   ..........              Q - amulet of regeneration
HPRegen 1.94/turn               J - ring of poison resistance
MPRegen 0.17/turn               A - +4 ring of protection

@: appendages (expiring)
A: horns 2, talons 2, large, unfitting armour, claws 3, regeneration 1, shaggy
fur 1, tough skin 1, no stealth, weak-willed 1
a: End Transformation, Renounce Religion


You were on level 1 of the Snake Pit.
You worshipped Ru.
Ru was pleased with you.
You had temporarily grown beastly horns and talons.
You visited 4 branches of the dungeon, and saw 22 of its levels.
You also visited: Sewer and Volcano.

You collected 1705 gold pieces.
You spent 419 gold pieces at shops.

Inventory:

Armour
 d - a +0 hat (melded)
 q - a +1 cloak (worn)
 D - a +1 robe of fire resistance (worn)
 X - a +0 kite shield (worn)
Jewellery
 A - a +4 ring of protection (right claw)
 H - the ring of Kuptoesa {Fire Str-2 Dex+5}
   (You found it on level 4 of the Dungeon)

   [ring of fire]

   It enhances your fire magic.
   Str:       It affects your strength (-2).
   Dex:       It affects your dexterity (+5).
   rF:        It protects you from fire.
   rC:        It makes you vulnerable to cold.
 J - a ring of poison resistance (left claw)
 O - a ring of ice
 Q - an amulet of regeneration (around neck)
 W - the ring of Truth {Fly Will+ rCorr}
   (You found it on level 10 of the Dungeon)

   [ring of willpower]

   Fly:       It grants you flight.
   rCorr:     It protects you from acid and corrosion.
   Will:      It increases your willpower.
Wands
 s - a wand of roots (32)
 u - a wand of polymorph (39)
 y - a wand of flame (47)
 B - a wand of paralysis (29)
 G - a wand of acid (5)
 P - a wand of mindburst (12)
Scrolls
 c - 4 scrolls of poison
 e - 2 scrolls of blinking
 h - a scroll of torment
 m - 6 scrolls of magic mapping {unknown}
 p - 3 scrolls of butterflies {unknown}
 r - 8 scrolls of teleportation
 t - 4 scrolls of noise {unknown}
 I - 3 scrolls of summoning
 M - 3 scrolls of immolation
 R - 8 scrolls of fear
 T - 4 scrolls of vulnerability
Potions
 b - 4 potions of lignification
 i - 4 potions of mutation
 k - 2 potions of magic
 n - 11 potions of curing
 o - 8 potions of heal wounds
 v - 4 potions of might
 w - 2 potions of flight
 x - 4 potions of resistance
 C - 2 potions of berserk rage
 F - 6 potions of haste
 K - 2 potions of invisibility
 V - 5 potions of brilliance
 Z - a potion of cancellation
Miscellaneous
 l - a phantom mirror
 S - a box of beasts


   Skills:
 - Level 9.0 Fighting
 - Level 9.1 Dodging
 - Level 5.0 Shields
 + Level 13.2 Unarmed Combat
 - Level 5.0 Spellcasting
 - Level 10.0 Transmutations
 - Level 9.1 Ice Magic
 * Level 7.0 Earth Magic
 * Level 0.7 Evocations


You had 13 spell levels left.
You knew the following spells:

 Your Spells              Type           Power      Damage    Failure   Level
a - Beastly Appendage     Tmut           40%        N/A       1%          1
b - Wereblood             Tmut           20%        N/A       1%          2
c - Ice Form              Ice/Tmut       19%        N/A       11%         4
d - Petrify               Tmut/Erth      17%        N/A       16%         4

Your spell library contained the following spells:

 Spells                   Type           Power      Damage    Failure   Level
 Spider Form              Tmut/Pois      11%        N/A       21%         3
 Magic Dart               Conj           8%         1d3       47%         1
 Slow                     Hex            8%         N/A       47%         1
 Searing Ray              Conj           4%         2d4       63%         2
 Hailstorm                Conj/Ice       10%        3d5       63%         4
 Leda's Liquefaction      Hex/Erth       4%         N/A       77%         4
 Call Canine Familiar     Summ           2%         N/A       85%         3
 Confusing Touch          Hex            2%         N/A       85%         3
 Portal Projectile        Hex/Tloc       4%         N/A       85%         3
 Vampiric Draining        Necr           2%         2d6       85%         3
 Metabolic Englaciation   Hex/Ice        5%         N/A       93%         5
 Statue Form              Tmut/Erth      11%        N/A       94%         6
 Borgnjor's Vile Clutch   Necr/Erth      4%         N/A       98%         5
 Animate Dead             Necr           2%         N/A       99%         4
 Corpse Rot               Necr/Pois/Air  2%         N/A       99%         4
 Fulminant Prism          Conj/Hex       1%         3d6       99%         4
 Freezing Cloud           Conj/Ice/Air   3%         6-21      99%         5
 Death Channel            Necr           1%         N/A       100%        6
 Simulacrum               Ice/Necr       5%         N/A       100%        6
 Borgnjor's Revivificati  Necr           1%         N/A       100%        8
 Necromutation            Tmut/Necr      5%         N/A       100%        8
 Death's Door             Necr           1%         N/A       100%        9


Dungeon Overview and Level Annotations

Branches:
Dungeon (15/15)            Temple (1/1) D:4            Lair (5/5) D:9
  Swamp (0/4) Lair:3        Snake (1/4) Lair:2        Slime (0/5) Lair:5
    Orc (0/2) D:11         Vaults (0/5) D:14         Depths (0/4) D:15
  Sewer (visited)         Volcano (visited)

Altars:
Ashenzari
Cheibriados
Dithmenos
Elyvilon
Fedhas
Gozag
Hepliaklqana
Kikubaaqudgha
Makhleb
Nemelex Xobeh
Okawaru
Qazlal
Ru
Sif Muna
Trog
Uskayaw
Vehumet
Wu Jian
Xom
Yredelemnul
Zin
The Shining One
Lugonu

Shops:
D:10 ?   D:15 !

Portals:
Abyss: Lair:5

Annotations:
D:3 exclusion: oklob plant
D:5 Grinder
Lair:5 1 runed translucent door
Snake:1 Azrael


Innate Abilities, Weirdness & Mutations

You have temporarily grown beastly horns and talons.
You are too large for most types of armour.
You have claws for hands.
Your natural rate of healing is unusually fast.
You are covered in fur. (AC +1)
You have tough skin. (AC +1)
You cannot be stealthy.
You are slightly weak-willed. (Will-)


Message History

The fire elemental is moderately damaged.
Your transformation is almost over.
You block the fire elemental's attack.
Azrael hits you with a +3 scimitar of flaming!!
Azrael burns you.
You focus your inner power and blind Azrael in retribution!
You mangle the fire elemental!! Your kick misses the fire elemental.
The fire elemental is almost destroyed.
Your primal bloodlust has ended.
You block the fire elemental's attack. Azrael gestures at you.
The fireball explodes!
The fireball engulfs you! You resist.
The fireball engulfs Azrael.
Azrael completely resists.
The fireball engulfs the fire elemental.
The fire elemental completely resists.
You mangle the fire elemental!!
You destroy the fire elemental!
You block Azrael's attack.
Your Earth Magic skill increases to level 7!
You scratch Azrael but do no damage. You claw Azrael.
Azrael is lightly wounded.
Azrael closely misses you.
You mangle Azrael!! You claw Azrael! You headbutt Azrael.
Azrael is heavily wounded.
Azrael hits you with a +3 scimitar of flaming!
Azrael burns you.
You mangle Azrael!! You claw Azrael. Your headbutt misses Azrael.
Azrael is severely wounded.
Azrael gestures at you.
The sphere of damnation explodes!
The damnation engulfs you!!
* * * LOW HITPOINT WARNING * * *
The damnation engulfs Azrael.
Azrael completely resists.
Unknown command.
You claw Azrael! Your kick misses Azrael.
Azrael is severely wounded.
You claw Azrael! Your kick misses Azrael. Your headbutt misses Azrael.
Azrael is almost dead.
Azrael gestures at you.
The sphere of damnation explodes!
The damnation engulfs you!!
You die...

......)†)...##.#○#E# hh○#
###..#.#.##....○E#°##.○.##
#...........^R○°°E°○...#
....#..##.....E.#..°..#.#
.............#.#.####......
.........#.......# .......
..#.#(.....○☼#.#.# ......#
....####...R##○#.# ......#
.. ##...@#☼#.# #######
##.....#.# #...##### #####


You could see Azrael (blind).

Vanquished Creatures
  Jorgrun (D:12)
  Mlioglotl (Snake:1)
  A nagaraja (Snake:1)
  Josephine (Lair:4)
  A great orb of eyes (D:15)
  2 boulder beetles
  3 rakshasas (D:15)
  8 hydras
  An ogre mage (D:15)
  A centaur warrior (D:14)
  An anaconda (Snake:1)
  3 two-headed ogres
  3 catoblepae
  A death yak (shapeshifter) (D:15)
  12 death yaks
  A tengu warrior (D:14)
  4 thrashing horrors (Lair:5)
  A naga sharpshooter (Snake:1)
  2 shock serpents (Snake:1)
  Amaemon (D:8)
  2 skeletal warriors (Volcano)
  A wizard (D:14)
  2 anaconda skeletons (Volcano)
  A lindwurm (Lair:4)
  A naga ritualist (Snake:1)
  A deep elf pyromancer (D:13)
  A necromancer (D:14)
  2 mana vipers (Snake:1)
  5 cyclopes
  7 ugly things
  8 elephants
  2 salamanders (Snake:1)
  15 black mambas
  2 guardian serpents (shapeshifter) (Lair:5)
  6 cane toads
  2 naga magi (Snake:1)
  3 orange demons
  3 smoke demons (Lair:5)
  5 gargoyles
  A yaktaur (D:15)
  2 unseen horrors
  A freezing wraith (D:14)
  13 komodo dragons
  4 rime drakes
  An efreet (D:13)
  4 red devils (D:12)
  An ancient zyme (Lair:5)
  The ghost of Strat the Sneak, a novice VSBr of Zin (D:4)
  A polar bear (shapeshifter) (D:13)
  5 polar bears
  A tyrant leech (Lair:3)
  6 trolls
  A slime creature (shapeshifter) (D:15)
  A harpy skeleton (Volcano)
  10 slime creatures (D:15)
  A raiju (shapeshifter) (D:15)
  4 dream sheep (Lair:4)
  A hornet (D:8)
  24 blink frogs
  Sigmund (D:5)
  2 flying skulls (Volcano)
  7 wraiths
  43 yaks
  A large abomination (Lair:5)
  9 basilisks
  2 fire elementals (Snake:1)
  8 wyverns
  Grum (D:8)
  A yak (shapeshifter) (D:14)
  3 vampire mosquitoes (D:13)
  2 chaos spawn (Lair:5)
  A steam dragon (D:8)
  Edmund (D:4)
  4 nagas
  4 acid dragons
  Duvessa (D:5)
  2 hell hounds (Snake:1)
  A swamp worm (Lair:3)
  10 water moccasins
  A sky beast (D:7)
  A black bear (D:7)
  5 orc warriors
  2 ice beasts
  7 ogres
  10 wolves
  3 centaurs
  2 phantoms
  Blork the orc (D:5)
  A necrophage (D:5)
  2 kobold brigands
  3 scorpions
  13 bullfrogs
  2 gnoll sergeants (D:8)
  11 wights
  Dowan (D:5)
  15 killer bees
  5 howler monkeys
  12 small abominations (Lair:5)
  A jelly (D:5)
  4 hounds
  10 orc priests
  5 gnoll boudas
  Jessica (D:2)
  Terence (D:3)
  12 hell rats
  13 orc wizards
  2 iguanas
  Ijyb (D:4)
  2 naga skeletons (Volcano)
  3 scorpion simulacra (D:4)
  36 gnolls
  2 river rats
  3 adders
  A shadow imp (D:8)
  2 white imps
  2 worms (D:2)
  3 adder simulacra (D:4)
  32 orcs
  6 bats
  4 endoplasms
  8 giant cockroaches
  3 goblins
  7 hobgoblins
  6 jackals
  17 kobolds
  7 quokkas
  9 ball pythons
  5 frilled lizards
  A quokka simulacrum (D:4)
  14 rats
625 creatures vanquished.

Vanquished Creatures (others)
  28 fungi
  75 plants
103 creatures vanquished.

Grand Total: 728 creatures vanquished

Notes
Turn   | Place    | Note
-------+----------+-------------------------------------------
     0 | D:1      | keekatzer the Troll Transmuter began the quest for the Orb.
     0 | D:1      | Reached XP level 1. HP: 18/18 MP: 1/1
   225 | D:1      | Reached XP level 2. HP: 26/26 MP: 3/3
   394 | D:1      | Found a faded altar of an unknown god.
   502 | D:1      | You fall into a shaft and drop 1 floor!
   596 | D:2      | Reached XP level 3. HP: 32/32 MP: 4/4
   819 | D:2      | Noticed Jessica
   827 | D:2      | Killed Jessica
   828 | D:2      | Reached XP level 4. HP: 21/40 MP: 3/6
   831 | D:2      | Learned a level 2 spell: Wereblood
  1139 | D:2      | Reached skill level 1 in Ice Magic
  1548 | D:3      | Found a glowing drain.
  1552 | Sewer    | Entered a sewer
  1569 | Sewer    | Reached XP level 5. HP: 46/46 MP: 4/7
  1677 | Sewer    | Found a glowing silver altar of Zin.
  1891 | D:5      | Entered Level 5 of the Dungeon
  1898 | D:5      | Reached XP level 6. HP: 42/54 MP: 8/8
  2033 | D:5      | Reached XP level 7. HP: 16/61 MP: 6/9
  2093 | D:5      | Noticed Blork the orc
  2095 | D:5      | Noticed Duvessa
  2101 | D:5      | Noticed Dowan
  2114 | D:5      | Reached skill level 1 in Fighting
  2120 | D:5      | Noticed Grinder
  2122 | D:5      | Noticed Sigmund
  2125 | D:5      | Killed Duvessa
  2132 | D:5      | Killed Blork the orc
  2330 | D:4      | Learned a level 4 spell: Ice Form
  2357 | D:4      | Noticed Edmund
  2370 | D:4      | Killed Edmund
  2371 | D:4      | Reached XP level 8. HP: 69/72 MP: 10/10
  2462 | D:4      | Noticed Ijyb
  2475 | D:4      | Reached skill level 4 in Unarmed Combat
  2488 | D:4      | Killed Ijyb
  2644 | D:4      | Found a runed translucent gate.
  2716 | D:4      | Found a staircase to the Ecumenical Temple.
  2747 | Temple   | Entered the Ecumenical Temple
  2826 | Temple   | Became a worshipper of Elyvilon the Healer
  2974 | D:4      | Found a runed translucent gate.
  2974 | D:4      | Found a runed translucent gate.
  3110 | D:5      | Found an iron altar of Okawaru.
  3160 | D:5      | Killed Dowan
  3189 | D:5      | Killed Sigmund
  3190 | D:5      | Reached skill level 5 in Transmutations
  3190 | D:5      | Reached skill level 5 in Ice Magic
  3331 | D:5      | Reached * piety under Elyvilon
  3571 | D:6      | Reached XP level 9. HP: 80/80 MP: 9/11
  3667 | D:6      | Paralysed by a gnoll for 3 turns
  4262 | D:4      | Identified the +1 robe "Ruaff" {Harm *Slow +Inv Slay+2}
  4274 | D:4      | Reached skill level 5 in Unarmed Combat
  4279 | D:4      | Noticed Strat's ghost (novice VSBr)
  4298 | D:4      | Killed Strat's ghost
  4302 | D:4      | Identified the ring of Kuptoesa {Fire Str-2 Dex+5}
  4464 | D:7      | Noticed a troll
  4466 | D:7      | Noticed a six-headed hydra
  4492 | D:6      | Killed a troll
  4546 | D:7      | Reached ** piety under Elyvilon
  4559 | D:7      | Found a snail-covered altar of Cheibriados.
  4559 | D:7      | Found a hazy altar of Hepliaklqana.
  4559 | D:7      | Found a stormy altar of Qazlal.
  4559 | D:7      | Found a broken altar of Ashenzari.
  4597 | D:7      | Found the +1 robe of Vines {NoPotionHeal Regen++++}
  4708 | D:8      | Noticed Grum
  4726 | D:8      | Killed Grum
  4737 | D:9      | Found a staircase to the Lair.
  4794 | D:9      | Reached XP level 10. HP: 82/92 MP: 7/12
  5143 | D:9      | Reached *** piety under Elyvilon
  5253 | D:9      | Reached skill level 6 in Unarmed Combat
  5398 | D:8      | Noticed a two-headed ogre
  5411 | D:8      | Killed a two-headed ogre
  5437 | D:8      | Got the Directory of the Gelid Atmosphere
  5449 | D:8      | Noticed an orange demon
  5457 | D:8      | Noticed Amaemon
  5502 | D:8      | HP: 5/112 [scorpion[Amaemon] (2)]
  5508 | D:8      | Elyvilon protects you from harm!
  5510 | D:8      | Killed Amaemon
  5516 | D:8      | Killed an orange demon
  5616 | D:8      | Reached skill level 5 in Dodging
  5733 | D:8      | Reached XP level 11. HP: 95/101 MP: 13/13
  6196 | Lair:1   | Entered Level 1 of the Lair of Beasts
  6216 | Lair:2   | Reached **** piety under Elyvilon
  6279 | Lair:2   | Noticed a catoblepas
  6327 | Lair:2   | Reached skill level 7 in Unarmed Combat
  6343 | Lair:2   | Reached skill level 5 in Fighting
  6427 | Lair:2   | Killed a catoblepas
  6503 | Lair:2   | Noticed a death yak
  6505 | Lair:2   | Noticed a death yak
  6505 | Lair:2   | Noticed a death yak
  6506 | Lair:2   | Noticed a death yak
  6514 | Lair:2   | Noticed a catoblepas
  6528 | Lair:2   | Killed a death yak
  6646 | Lair:2   | Found a staircase to the Snake Pit.
  6698 | Lair:2   | Reached skill level 8 in Unarmed Combat
  6744 | Lair:2   | Killed a death yak
  6834 | Lair:3   | Noticed a seven-headed hydra
  6842 | Lair:3   | Killed a seven-headed hydra
  6980 | Lair:4   | Reached XP level 12. HP: 88/112 MP: 11/15
  7011 | Lair:4   | Reached ***** piety under Elyvilon
  7039 | Lair:4   | Noticed a death yak
  7039 | Lair:4   | Noticed a death yak
  7041 | Lair:4   | Noticed a death yak
  7050 | Lair:4   | Noticed a death yak
  7054 | Lair:4   | Noticed a death yak
  7109 | Lair:4   | Reached skill level 9 in Unarmed Combat
  7225 | Lair:4   | Killed a death yak
  7279 | Lair:4   | Noticed Josephine
  7290 | Lair:4   | Killed Josephine
  7446 | Lair:4   | Found a dark tunnel.
  7461 | Volcano  | Entered a volcano
  7519 | Volcano  | Reached skill level 10 in Unarmed Combat
  8144 | Lair:5   | Entered Level 5 of the Lair of Beasts
  8194 | Lair:5   | Reached XP level 13. HP: 126/126 MP: 13/17
  8456 | Lair:5   | Reached skill level 11 in Unarmed Combat
  8765 | Lair:5   | Found a corrupted altar of Lugonu.
  8765 | Lair:5   | Found a one-way gate to the infinite horrors of the Abyss.
  9083 | Lair:5   | Found a runed translucent door.
  9083 | Lair:5   | Found a staircase to the Slime Pits.
  9083 | Lair:5   | Noticed an acid blob
  9083 | Lair:5   | Noticed an acid blob
  9083 | Lair:5   | Noticed an acid blob
  9444 | Lair:4   | Reached XP level 14. HP: 129/137 MP: 13/19
  9698 | D:3      | Found a blossoming altar of Fedhas.
 10000 | D:3      | Found a burning altar of Makhleb.
 10003 | D:3      | Found a glowing golden altar of the Shining One.
 10007 | D:3      | Found an ancient bone altar of Kikubaaqudgha.
 10007 | D:3      | Found a bloodstained altar of Trog.
 10008 | D:3      | Found a glowing silver altar of Zin.
 10009 | D:3      | Found a shimmering altar of Xom.
 10012 | D:3      | Found a sacrificial altar of Ru.
 10015 | D:3      | Fell from the grace of Elyvilon
 10015 | D:3      | Became a worshipper of Ru the Awakened
 10096 | D:3      | Noticed Terence
 10102 | D:3      | Killed Terence
 10447 | Lair:1   | Reached skill level 1 in Shields
 10959 | Lair:2   | Identified the +0 scale mail of the Fletcher {rC- Str+5}
 11216 | Lair:3   | Found a staircase to the Swamp.
 11437 | Lair:3   | Reached skill level 12 in Unarmed Combat
 12208 | D:10     | Entered Level 10 of the Dungeon
 12480 | D:10     | Identified the ring of Truth {Fly Will+ rCorr}
 12483 | D:10     | Found Hoamu's Magic Scroll Shoppe.
 12504 | D:10     | Bought a scroll of summoning for 142 gold pieces
 12504 | D:10     | Bought a scroll of identify for 30 gold pieces
 12504 | D:10     | Bought a scroll of teleportation for 45 gold pieces
 12504 | D:10     | Bought a scroll of enchant armour for 112 gold pieces
 12504 | D:10     | Bought a scroll of identify for 30 gold pieces
 12504 | D:10     | Bought a scroll of fear for 60 gold pieces
 12507 | D:10     | Identified a scroll of acquirement
 12510 | D:10     | Acquired a book of Sloth
 12517 | D:10     | Learned a level 4 spell: Petrify
 13284 | D:11     | Found a staircase to the Orcish Mines.
 13445 | D:11     | Reached skill level 1 in Earth Magic
 13997 | D:12     | Noticed Jorgrun
 14372 | D:12     | Killed Jorgrun
 14392 | D:12     | Gained mutation: You are slightly weak-willed. (Will-) [Ru
                  | sacrifice]
 14392 | D:12     | Reached * piety under Ru
 15479 | D:14     | Reached skill level 5 in Shields
 15637 | D:14     | Reached XP level 15. HP: 145/146 MP: 17/21
 15859 | D:14     | Found a gate to the Vaults.
 15886 | D:15     | Entered Level 15 of the Dungeon
 15899 | D:15     | Paralysed by something for 4 turns
 16105 | D:15     | Found Amets's Distillery.
 16229 | D:15     | Paralysed by an ogre mage for 3 turns
 16238 | D:15     | Reached skill level 5 in Spellcasting
 16265 | D:15     | Gained mutation: You cannot be stealthy. [Ru sacrifice]
 16265 | D:15     | Reached ** piety under Ru
 16437 | D:15     | Reached skill level 5 in Earth Magic
 16621 | D:15     | Found a staircase to the Depths.
 17279 | Snake:1  | Entered Level 1 of the Snake Pit
 17364 | Snake:1  | Reached skill level 13 in Unarmed Combat
 17527 | Snake:1  | Reached skill level 10 in Transmutations
 17549 | Snake:1  | Noticed a nagaraja
 17585 | Snake:1  | Killed a nagaraja
 17633 | Snake:1  | Noticed Azrael
 17633 | Snake:1  | Noticed Mlioglotl
 17654 | Snake:1  | Killed Mlioglotl
 17673 | Snake:1  | Killed from afar by Azrael

Illustrated notes

Levels and vault maps discovered:
D:1:      dpeg_arrival_rooms_with_view, layout_loops_cross,
          hellmonk_ecumenical_altar_zigzags
D:2:      kennysheep_six_static_rooms, layout_basic, serial_park_tiny_pond,
          hangedman_decor_lopped, uniq_jessica
D:3:      layout_loops_ring, minitemple, tgw_fedhas, gup_sewer_entry_spiral,
          serial_bayou_lake_a, uniq_terence
D:4:      cheibrodos_old_hovel, layout_cave_pods, minmay_temple_entry_mist,
          gammafunk_ghost_icy, uniq_edmund, uniq_ijyb
D:5:      layout_loops_cross, lemuel_tele_altar, uniq_duvessa, uniq_sigmund,
          uniq_grinder, uniq_blork_the_orc
D:6:      layout_basic
D:7:      layout_rooms, chequers_temple_overflow_statue_of_worship,
          hellmonk_guarded_unrand_vines
D:8:      layout_cave_pools, uniq_amaemon, uniq_grum
D:9:      layout_basic, lair_entry_dummy
D:10:     layout_loops_corners, serial_shops, shop
D:11:     layout_stronghold, david_orc_1_choice, minmay_lizard_king
D:12:     layout_irregular_city, minmay_beelzebubs_servants, uniq_jorgrun
D:13:     layout_basic, nicolae_titane
D:14:     layout_rooms, david_vaults_1, minmay_misc_feat_tiny
D:15:     gammafunk_enter_depths_forms, layout_stronghold, serial_shops,
          nicolae_shop_stone
Temple:   kb_temple_of_zot
Lair:1:   layout_gridlike, wad_woods_road_04
Lair:2:   layout_cave_pods, minmay_snake_entry_guardpost_small
Lair:3:   layout_layer_cave, palyth_hydra_swamp_entry,
          nicolae_quartered_pool_little, pf_torpor_hydra, lemuel_fruit_fields
Lair:4:   layout_regular_city, nicolae_volcano_entry_vermiform,
          chequers_serial_rivers_small_a, chequers_serial_rivers_small_a,
          infiniplex_staircase_pool, uniq_josephine
Lair:5:   hellmonk_lair_end_abyssal_woods, layout_hall_layers, slime_entry_2,
          grunt_forest_small_clearing_treed
Snake:1:  layout_misc_corridors, grunt_ministairs_11, serial_bayou_crossing,
          serial_bayou_shore_a, uniq_mlioglotl, uniq_azrael

Skill      XL: |  1  2  3  4  5  6  7  8  9 10 11 12 13 14 15 |
---------------+----------------------------------------------+-----
Transmutations | 2 3 4 5 6 7 8 9 10 | 10.0
Spellcasting   | 2 3 4 5 |  5.0
Ice Magic      | 1 2 3 4 5 6 7 8 9 |  9.1
Fighting       | 2 3 4 5 7 8 9 |  9.0
Dodging        | 2 3 4 5 6 7 8 9 |  9.1
Unarmed Combat | 4 5 6 8 10 11 12 13 | 13.2
Shields        | 5 |  5.0
Earth Magic    | 3 7 |  7.0
Evocations     | |  0.7

Action                   |  1- 3 |  4- 6 |  7- 9 | 10-12 | 13-15 || total
-------------------------+-------+-------+-------+-------+-------++-------
Melee: Unarmed           |   113 |   156 |   397 |   570 |  1000 ||  2236
       Kick              |     2 |     7 |    38 |    14 |    26 ||    87
       Headbutt          |     2 |     4 |    23 |    12 |     9 ||    50
       Punch             |       |     1 |    11 |     4 |     6 ||    22
 Cast: Beastly Appendage |     2 |     6 |    16 |     4 |     4 ||    32
       Wereblood         |       |     5 |    15 |    20 |    33 ||    73
       Ice Form          |       |       |     8 |    32 |    70 ||   110
Invok: Heal Self         |       |       |       |     4 |       ||     4
       Sacrifice Essence |       |       |       |       |     1 ||     1
       Reject Sacrifices |       |       |       |       |     1 ||     1
       Sacrifice Stealth |       |       |       |       |     1 ||     1
 Abil: End Transformatio |       |       |       |     1 |     2 ||     3
Evoke: Wand              |       |       |       |     1 |       ||     1
  Use: Potion            |       |       |     1 |     5 |     1 ||     7
       Scroll            |       |       |       |     8 |    16 ||    24
 Stab: Sleeping          |       |     1 |     2 |     1 |     1 ||     5
       Distracted        |       |       |       |       |     1 ||     1
Armor: Robe              |    36 |    41 |   102 |    48 |    31 ||   258
       Skin              |       |       |    30 |   181 |   245 ||   456
Dodge: Dodged            |    36 |    51 |   159 |   280 |   385 ||   911
Block: Other             |    12 |    31 |    64 |   118 |    19 ||   244
       Reflection        |       |     2 |     3 |     1 |       ||     6
       Kite shield       |       |       |       |       |    30 ||    30
